 Dungeon Crawl Stone Soup version 0.22-a0-284-g99d1f74 (webtiles) character file.

109011 4thArraOfDagon the Fencer (level 17, -5/128 HPs)
             Began as a Formicid Warper on Mar 20, 2018.
             Was the Champion of Cheibriados.
             Killed from afar by a deep elf annihilator (48 damage)
             ... with an iron shot
             ... on level 3 of the Elven Halls.
             The game lasted 01:05:46 (14140 turns).

4thArraOfDagon the Fencer (Formicid Warper)        Turns: 14140, Time: 01:05:47

Health: -5/128     AC: 15    Str: 36    XL:     17   Next: 6%
Magic:  25/25      EV: 20    Int: 40    God:    Cheibriados [******]
Gold:   754        SH: 24    Dex: 29    Spells: 4/27 levels left

rFire    . . .     SeeInvis +   b - +1 long sword (elec)
rCold    . . .     Gourm    .   E - +0 large shield
rNeg     + . .     Faith    .   n - +2 ring mail "Osuraar" {rN+ Str+3 Int+2 Slay+3}
rPois    .         Spirit   .   (helmet unavailable)
rElec    .         Reflect  .   p - +0 cloak
rCorr    .         Harm     .   (no gloves)
MR       +....                  T - +2 pair of boots
Stlth    ++........             (no amulet)
HPRegen  0.31/turn              X - +5 ring of intelligence
MPRegen  0.19/turn              B - +4 ring of dexterity

@: drained, very slow
A: permanent stasis, dig shafts and tunnels, four strong arms, antennae 3, icy
blue scales 1, slimy green scales 1
a: Dig, Shaft Self, Bend Time, Temporal Distortion, Slouch, Step From Time,
Renounce Religion


You were on level 3 of the Elven Halls.
You worshipped Cheibriados.
Cheibriados was exalted by your worship.
You were not hungry.

You visited 3 branches of the dungeon, and saw 20 of its levels.
You visited the Abyss 1 time.
You also visited: Wizlab.

You collected 2191 gold pieces.
You spent 1437 gold pieces at shops.

Inventory:

Hand Weapons
 b - a +1 long sword of electrocution (weapon)
 J - a +1 scimitar of flaming
 M - the +10 falchion of the People {distort, -Tele rC+ rN+ Int+8}
   (You found it on level 10 of the Dungeon)

   It warps and distorts space around it.
   Unwielding it can cause banishment or high damage.
   It affects your intelligence (+8).
   It protects you from cold.
   It protects you from negative energy.
   It prevents most forms of teleportation.
Missiles
 e - 5 tomahawks of dispersal (quivered)
 i - 3 poisoned javelins
Armour
 d - a +1 ring mail of cold resistance
 h - a +1 robe of magic resistance
 n - the +2 ring mail "Osuraar" (worn) {rN+ Str+3 Int+2 Slay+3}
   (You found it on level 3 of the Elven Halls)

   It affects your strength (+3).
   It affects your intelligence (+2).
   It affects your accuracy and damage with ranged weapons and melee attacks
   (+3).
   It protects you from negative energy.
 p - a +0 cloak (worn)
 z - a cursed +0 robe
 D - a +0 troll leather armour
 E - a +0 large shield (worn)
 R - a +1 robe of positive energy
 T - a +2 pair of boots (worn)
 W - the +1 plate armour of Miraege {rElec Str+6}
   (You found it on level 1 of the Elven Halls)

   It affects your strength (+6).
   It insulates you from electricity.
Magical Staves
 P - an uncursed staff of earth
 S - an uncursed staff of poison
Jewellery
 x - an uncursed ring of resist corrosion
 y - a +3 ring of dexterity
 B - a +4 ring of dexterity (right hand)
 G - an uncursed ring of poison resistance
 X - a +5 ring of intelligence (left hand)
Wands
 c - a wand of acid (26)
 o - a wand of digging (10)
 C - a wand of flame (37)
 H - a wand of iceblast (4)
 I - a wand of polymorph (16)
Scrolls
 j - 6 scrolls of remove curse
 k - 2 scrolls of noise
 l - 5 scrolls of amnesia
 s - 2 scrolls of fog
 L - 2 scrolls of fear
 Q - 2 scrolls of enchant armour
 U - a scroll of immolation
 V - 4 scrolls of enchant weapon
 Z - a scroll of identify
Potions
 a - a potion of ambrosia
 m - 8 potions of curing
 q - 3 potions of heal wounds
 r - a potion of resistance
 t - a potion of berserk rage
 u - 2 potions of brilliance
 v - a potion of flight
 w - 2 potions of might
 A - a potion of invisibility
 F - 3 potions of agility
 K - 3 potions of mutation
 N - a potion of cancellation
 Y - 2 potions of lignification
Miscellaneous
 g - a sack of spiders
Comestibles
 f - 28 rations


   Skills:
 - Level 10.0(9.5) Fighting
 - Level 18.0(17.3) Long Blades
 - Level 1.0(0.5) Throwing
 - Level 1.1(0.6) Armour
 - Level 9.0(8.4) Dodging
 - Level 15.0(14.3) Shields
 + Level 5.8(5.3) Spellcasting
 - Level 2.6(2.2) Translocations
 * Level 6.3(5.8) Transmutations
 * Level 7.0(6.5) Earth Magic
 - Level 10.0(9.4) Invocations


You had 4 spell levels left.
You knew the following spells:

 Your Spells              Type           Power        Failure   Level  Hunger
a - Regeneration          Chrm/Necr      ##........   13%         3    None
b - Spectral Weapon       Hex/Chrm       ##......     13%         3    None
c - Shroud of Golubria    Chrm/Tloc      ###.......   4%          2    None
d - Lesser Beckoning      Tloc           ####......   5%          3    None
e - Passage of Golubria   Tloc           N/A          19%         4    ##.....
f - Sublimation of Blood  Necr           ##........   7%          2    None
g - Statue Form           Tmut/Erth      ######...    47%         6    ######.


Dungeon Overview and Level Annotations

Branches:
Dungeon (15/15)            Temple (0/1) D:6            Lair (0/6) D:8
    Orc (2/2) D:10            Elf (3/3) Orc:2        Vaults (0/5) D:14
 Depths: D:15

Altars:
Cheibriados
Elyvilon
Gozag
Hepliaklqana
Kikubaaqudgha
Makhleb
Okawaru
Qazlal
Ru
Sif Muna
Vehumet
Wu Jian

Shops:
D:8 =   D:9 [   D:12 :*[   Orc:2 *?*!   Elf:2 :   Elf:3 }}

Annotations:
D:7 Menkaure
D:14 Snorg
D:15 4thArraOfDagon's ghost, novice FoWr
Elf:2 3 runed doors


Innate Abilities, Weirdness & Mutations

You cannot be hasted, slowed, berserked, paralysed or teleported.
You can dig through walls and to a lower floor.
Your four strong arms can wield two-handed weapons with a shield.
You have a pair of large antennae on your head. (SInv)
You are partially covered in icy blue scales. (AC +2)
You are partially covered in slimy green scales. (AC +2)


Message History

The deep elf annihilator is lightly wounded.
You block the deep elf annihilator's attack.
Unknown command.
You hit the deep elf annihilator but do no damage.
The deep elf annihilator is lightly wounded.
Unknown command.
You slice the deep elf annihilator!!
The deep elf annihilator is heavily wounded.
You block the deep elf annihilator's attack.
Unknown command.
Unknown command.
You hit the deep elf annihilator.
The deep elf annihilator is heavily wounded.
You feel less wooden.
Your +0 cloak unmelds from your body.
Your +2 pair of boots unmelds from your body.
The +2 ring mail "Osuraar" {rN+ Str+3 Int+2 Slay+3} unmelds from your body.
The deep elf annihilator points at you and mumbles some strange words.
The iron shot hits you!
You die...

#...........#
#...........#
{
#...........#
#..{........#
#...........#
#...........#
###.......#
##e##....{##
#@#.###.###
###...#ยง#.#
#..[[...#
##.#...##
####.## #.#
### #### #.#
##.## #..#
#.# #)##.
#.#######
#.#######.#.


You could see a deep elf annihilator.

Vanquished Creatures
  4 deep elf blademasters (Elf:3)
  Kirke (D:11)
  3 deep elf sorcerers (Elf:3)
  A deep elf elementalist (Elf:3)
  Nessos (D:14)
  3 deep elf annihilators (Elf:3)
  4 ogre magi (Orc:2)
  3 deep elf death magi
  2 deep elf high priests (Elf:3)
  A hydra (D:11)
  2 centaur warriors
  2 tengu warriors
  5 dancing weapons
  21 two-headed ogres
  4 thrashing horrors (Abyss:2)
  14 deep elf knights
  An unseen horror (D:14)
  10 deep elf archers
  Pikel (D:8)
  A wizard (D:14)
  53 deep elf magi
  2 orc knights (Orc:2)
  A manticore (shapeshifter) (Elf:3)
  3 ugly things
  An orc sorcerer (Elf:2)
  4 cyclopes
  A manticore (D:14)
  A worldbinder (Abyss:2)
  Maurice (D:8)
  2 tengu conjurers (D:14)
  2 efreet
  2 kobold demonologists
  A queen bee (D:11)
  2 raiju (Abyss:2)
  A hornet (D:9)
  5 trolls
  3 meliai (D:14)
  Prince Ribbit (D:7)
  4 slime creatures (D:14)
  3 hippogriffs
  4 air elementals
  A wraith (Abyss:2)
  2 large abominations (Abyss:2)
  5 starcursed masses (Abyss:2)
  A wyvern (D:13)
  9 yaks
  4 fire bats (D:12)
  A basilisk (D:12)
  4 water elementals
  A fire elemental (Elf:3)
  4 hogs
  2 hungry ghosts
  2 small abominations (Abyss:2)
  3 wargs
  A soldier ant (D:11)
  A hell hound (D:12)
  A hornet zombie (D:14)
  5 sky beasts
  A black bear (D:6)
  10 orc warriors
  A phantom (D:8)
  A slave (D:8)
  2 ice beasts
  4 wolves (D:8)
  32 ogres
  5 centaurs
  10 bullfrogs
  2 earth elementals
  A wyvern skeleton (D:13)
  9 scorpions
  16 killer bees
  3 electric eels
  5 howler monkeys
  6 centaur zombies
  4 crimson imps
  3 jellies
  2 lava snakes (D:12)
  12 hounds
  3 orc priests
  17 orc wizards
  Crazy Yiuf (D:4)
  6 bullfrog skeletons
  5 centaur skeletons
  An iguana (D:8)
  5 worker ants
  A hound zombie (D:9)
  2 hound skeletons
  5 gnolls
  13 adders
  A shadow imp (D:5)
  An ooze (D:4)
  2 adder zombies
  4 adder skeletons
  3 dart slugs (D:2)
  5 leopard geckos
  66 orcs
  12 bats
  7 giant cockroaches
  9 goblins
  15 hobgoblins
  16 jackals
  5 quokkas
  4 ball pythons
  2 frilled lizards
  A jackal skeleton (D:4)
  9 kobolds
  7 rats
  3 fungi (D:6)
588 creatures vanquished.

Vanquished Creatures (others)
  A manticore (D:11)
  A water moccasin (D:11)
  A slave (D:8)
  3 killer bees (D:11)
  A hound (D:8)
  An orc priest (D:11)
  2 orcs
  2 fire vortices (D:12)
  2 fungi (D:6)
  A withered plant (D:15)
15 creatures vanquished.

Grand Total: 603 creatures vanquished

Notes
Turn   | Place    | Note
-------+----------+-------------------------------------------
     0 | D:1      | 4thArraOfDagon the Formicid Warper began the quest for the Orb.
     0 | D:1      | Reached XP level 1. HP: 16/16 MP: 3/3
    95 | D:1      | You fall through a shaft!
   101 | D:2      | Reached XP level 2. HP: 15/22 MP: 5/5
   148 | D:2      | Reached skill level 3 in Long Blades
   195 | D:2      | Reached XP level 3. HP: 10/27 MP: 6/6
   314 | D:2      | Found a snail-covered altar of Cheibriados.
   317 | D:2      | Became a worshipper of Cheibriados the Contemplative
   603 | D:1      | Reached * piety under Cheibriados
   603 | D:1      | Reached XP level 4. HP: 30/33 MP: 7/7
   645 | D:1      | 4thArraOfDagon: stop it
   683 | D:1      | Reached skill level 4 in Long Blades
  1552 | D:3      | Reached skill level 1 in Invocations
  1625 | D:3      | Reached ** piety under Cheibriados
  1702 | D:3      | Reached XP level 5. HP: 39/39 MP: 8/8
  2064 | D:4      | Noticed an ogre
  2066 | D:4      | You fall through a shaft!
  2066 | D:5      | Entered Level 5 of the Dungeon
  2083 | D:5      | Reached XP level 6. HP: 12/46 MP: 9/9
  2227 | D:5      | Noticed an ice beast
  2262 | D:5      | Reached *** piety under Cheibriados
  2262 | D:5      | Reached skill level 5 in Long Blades
  2321 | D:5      | Found a hazy altar of Hepliaklqana.
  2333 | D:5      | Noticed a phantom
  2338 | D:5      | You fall through a shaft for 2 floors!
  2340 | D:7      | You fall through a shaft!
  2375 | D:8      | Reached XP level 7. HP: 45/52 MP: 10/10
  2418 | D:6      | Found an iron altar of Okawaru.
  2418 | D:6      | Found a deep blue altar of Sif Muna.
  2418 | D:6      | Found a sacrificial altar of Ru.
  2418 | D:6      | Found a stormy altar of Qazlal.
  2418 | D:6      | Found an ornate altar of the Wu Jian Council.
  2419 | D:6      | Found a white marble altar of Elyvilon.
  2444 | D:6      | Found a staircase to the Ecumenical Temple.
  2819 | D:5      | Reached skill level 6 in Long Blades
  2826 | D:4      | Reached XP level 8. HP: 28/60 MP: 11/11
  3082 | D:4      | Found a runed door.
  3086 | D:4      | Noticed Crazy Yiuf
  3097 | D:4      | Killed Crazy Yiuf
  3215 | D:4      | You fall through a shaft!
  4518 | D:6      | Found a radiant altar of Vehumet.
  4564 | D:6      | Reached **** piety under Cheibriados
  4591 | D:6      | Reached skill level 1 in Shields
  4610 | D:6      | Found a burning altar of Makhleb.
  4737 | D:6      | Found an opulent altar of Gozag.
  4756 | D:6      | Reached skill level 7 in Long Blades
  4846 | D:6      | Reached skill level 5 in Fighting
  4846 | D:6      | Reached XP level 9. HP: 46/68 MP: 12/12
  4897 | D:6      | Reached skill level 5 in Invocations
  5124 | D:6      | Found an ancient bone altar of Kikubaaqudgha.
  5183 | D:7      | Noticed Menkaure
  5222 | D:7      | Noticed Prince Ribbit
  5230 | D:7      | Killed Prince Ribbit
  5439 | D:7      | Gained mutation: You are partially covered in slimy green scales. (AC +2) [potion of mutation]
  5439 | D:7      | Gained mutation: You are partially covered in icy blue scales. (AC +2) [potion of mutation]
  5488 | D:7      | You fall through a shaft!
  5538 | D:8      | Noticed a hippogriff
  5552 | D:8      | Killed a hippogriff
  5552 | D:8      | Reached ***** piety under Cheibriados
  5562 | D:8      | Found Enogeghiph's Jewellery Shop.
  5569 | D:8      | Reached skill level 8 in Long Blades
  5639 | D:8      | Reached skill level 5 in Shields
  5683 | D:8      | Reached XP level 10. HP: 67/76 MP: 14/14
  5689 | D:8      | Reached skill level 5 in Dodging
  5855 | D:8      | Found a staircase to the Lair.
  5880 | D:8      | Noticed Maurice
  5901 | D:8      | Killed Maurice
  5951 | D:8      | Noticed Pikel
  5974 | D:8      | Killed Pikel
  5974 | D:8      | Reached skill level 9 in Long Blades
  6150 | D:8      | Noticed a two-headed ogre
  6163 | D:8      | Killed a two-headed ogre
  6665 | D:9      | Noticed a two-headed ogre
  6679 | D:9      | Killed a two-headed ogre
  6679 | D:9      | Reached XP level 11. HP: 40/84 MP: 16/16
  6709 | D:9      | Noticed a two-headed ogre
  6730 | D:9      | Killed a two-headed ogre
  6730 | D:9      | Reached skill level 10 in Long Blades
  6783 | D:9      | Reached ****** piety under Cheibriados
  7076 | D:9      | Found Gire's Antique Armour Shop.
  7286 | D:10     | Entered Level 10 of the Dungeon
  7389 | D:10     | Found a staircase to the Orcish Mines.
  7547 | D:10     | Got a scorched falchion
  7548 | D:10     | Identified the +10 falchion of the People {distort, -Tele rC+ rN+ Int+8} (You found it on level 10 of the Dungeon)
  7748 | D:11     | Noticed a four-headed hydra
  7847 | D:11     | Noticed a manticore
  7884 | D:11     | Banished a manticore
  8170 | D:12     | Found Ixtiem's Armour Shoppe.
  8170 | D:12     | Noticed Kirke
  8259 | D:12     | Reached skill level 10 in Shields
  8259 | D:12     | Reached XP level 12. HP: 92/92 MP: 18/18
  8408 | D:12     | Found Wiwki's Assorted Antiques.
  8416 | D:12     | Bought a cyan potion for 18 gold pieces
  8758 | D:12     | Reached skill level 11 in Long Blades
  8778 | D:12     | Found Qawoox's Book Shop.
  9141 | D:14     | Noticed an unseen horror
  9141 | D:14     | Noticed a tengu warrior
  9150 | D:14     | Killed an unseen horror
  9162 | D:14     | Killed a tengu warrior
  9208 | D:14     | Noticed Nessos
  9234 | D:14     | Killed Nessos
  9386 | D:14     | Reached XP level 13. HP: 91/101 MP: 20/20
  9470 | D:14     | Noticed Snorg
  9535 | D:14     | Reached skill level 12 in Long Blades
  9552 | D:14     | Found a gate to the Vaults.
  9642 | D:14     | Noticed a centaur warrior
  9647 | D:14     | Killed a centaur warrior
  9752 | D:15     | Entered Level 15 of the Dungeon
  9771 | D:15     | Reached skill level 10 in Invocations
  9817 | D:15     | Noticed 4thArraOfDagon's ghost (novice FoWr)
  9879 | D:13     | Learned a level 3 spell: Regeneration
  9883 | D:13     | Learned a level 3 spell: Spectral Weapon
  9892 | D:13     | Noticed a centaur warrior
  9902 | D:13     | Killed a centaur warrior
 10198 | D:11     | Killed Kirke
 10206 | D:11     | Killed a one-headed hydra
 10220 | D:11     | Reached skill level 10 in Fighting
 10356 | Orc:1    | Entered Level 1 of the Orcish Mines
 10597 | Orc:2    | Entered Level 2 of the Orcish Mines
 10597 | Orc:2    | Found a staircase to the Elven Halls.
 10609 | Orc:2    | Reached XP level 14. HP: 110/110 MP: 21/21
 10715 | Orc:2    | Reached skill level 13 in Long Blades
 11050 | Orc:2    | Reached skill level 14 in Long Blades
 11118 | Orc:2    | Found Oghidubb's General Store.
 11118 | Orc:2    | Found Qotysch's Assorted Antiques.
 11119 | Orc:2    | Found Mehesin's Magic Scroll Boutique.
 11119 | Orc:2    | Found Oblor's Distillery.
 11141 | Orc:2    | Bought a scroll of magic mapping for 52 gold pieces
 11141 | Orc:2    | Bought a scroll of enchant weapon for 112 gold pieces
 11142 | Orc:2    | Bought a potion of heal wounds for 75 gold pieces
 11142 | Orc:2    | Bought a potion of curing for 45 gold pieces
 11142 | Orc:2    | Bought a potion of curing for 45 gold pieces
 11142 | Orc:2    | Bought a potion of curing for 45 gold pieces
 11142 | Orc:2    | Bought a potion of lignification for 45 gold pieces
 11143 | Orc:2    | Bought a square amethyst amulet for 130 gold pieces
 11269 | Elf:1    | Entered Level 1 of the Elven Halls
 11314 | Elf:1    | Reached skill level 15 in Shields
 11369 | Elf:1    | Reached XP level 15. HP: 73/115 MP: 22/22
 11458 | Elf:1    | Reached skill level 15 in Long Blades
 11479 | Elf:1    | Found a magical portal.
 11483 | WizLab   | Entered The Hall of the Hellbinder
 11558 | Elf:1    | Got a spiked plate armour
 11582 | Elf:1    | Identified the +1 plate armour of Miraege {rElec Str+6} (You found it on level 1 of the Elven Halls)
 11609 | Elf:2    | Learned a level 2 spell: Shroud of Golubria
 11613 | Elf:2    | Learned a level 3 spell: Lesser Beckoning
 11618 | Elf:2    | Learned a level 4 spell: Passage of Golubria
 11621 | Elf:2    | Learned a level 2 spell: Sublimation of Blood
 11937 | Elf:1    | Reached skill level 16 in Long Blades
 12303 | Elf:1    | Reached skill level 17 in Long Blades
 12578 | Elf:2    | Reached XP level 16. HP: 122/122 MP: 23/23
 12728 | Elf:2    | Found Vaycs's Book Boutique.
 12739 | Elf:2    | Bought Ryokewem's Handbook of Transformation for 870 gold pieces
 12845 | Elf:2    | Found a runed gate.
 12845 | Elf:2    | Found a runed gate.
 12845 | Elf:2    | Found a runed gate.
 12864 | Elf:3    | Entered Level 3 of the Elven Halls
 12928 | Elf:3    | Found Dicopen's Gadget Shop.
 12931 | Elf:3    | Found Ymasoll's Jewellery Shoppe.
 12932 | Elf:3    | Found Gashrez's Gadget Shop.
 13109 | Elf:3    | Reached skill level 18 in Long Blades
 13142 | Elf:3    | Identified the +2 ring mail "Osuraar" {rN+ Str+3 Int+2 Slay+3} (You found it on level 3 of the Elven Halls)
 13243 | Elf:3    | Learned a level 6 spell: Statue Form
 13405 | Elf:3    | Reached skill level 1 in Transmutations
 13405 | Elf:3    | Reached skill level 1 in Earth Magic
 13588 | Elf:3    | Noticed a deep elf blademaster
 13603 | Elf:3    | Killed a deep elf blademaster
 13611 | Elf:3    | Noticed a deep elf sorcerer
 13617 | Elf:3    | Killed a deep elf sorcerer
 13682 | Elf:3    | Noticed a deep elf blademaster
 13687 | Elf:3    | Killed a deep elf blademaster
 13688 | Elf:3    | Noticed a deep elf blademaster
 13693 | Elf:3    | Killed a deep elf blademaster
 13693 | Elf:3    | Reached skill level 5 in Spellcasting
 13774 | Elf:3    | Noticed a deep elf blademaster
 13792 | Elf:3    | Killed a deep elf blademaster
 13792 | Elf:3    | Reached skill level 5 in Earth Magic
 13794 | Elf:3    | Noticed a deep elf sorcerer
 13800 | Elf:3    | Cast into level 2 of the Abyss (a deep elf sorcerer)
 13848 | Abyss:2  | Found a corrupted altar of Lugonu.
 13902 | Abyss:2  | Reached skill level 5 in Transmutations
 14030 | Abyss:2  | Found a corrupted altar of Lugonu.
 14061 | Elf:3    | Escaped the Abyss
 14066 | Elf:3    | Killed a deep elf sorcerer
 14093 | Elf:3    | Reached XP level 17. HP: 69/128 MP: 25/25
 14140 | Elf:3    | Killed from afar by a deep elf annihilator

Vault maps used:
D:1:      minmay_arrival_stair_chambers, wad_floor_pattern_1, roderic_lattice_a
D:2:      kennysheep_slug_shrine
D:4:      sigmund_army, uniq_crazy_yiuf_cottage
D:5:      kennysheep_mini_moat, first_ration, st_stairs_5
D:6:      old_forge, overflow_temple_1_default, nicolae_overflow_crystal_walls,
          vehumet_altar_wand_db, grunt_temple_overflow_open,
          kiku_gazebo_garden_becter, minmay_temple_entry_grid
D:7:      uniq_prince_ribbit1, uniq_menkaure
D:8:      erik_lair_island, serial_shops, shop, uniq_maurice, uniq_pikel
D:9:      minmay_bloctagon_deflated, serial_shops, nicolae_shop_behind_doors
D:10:     hiddenorc1_lemuel
D:11:     david_nohive_1
D:12:     hourglass_vault, serial_shops, shop, nicolae_shop_stone,
          shop_fountains, hangedman_incinerator, uniq_kirke
D:14:     lemuel_flame_loot_2, david_vaults_1, minmay_misc_feat_rows,
          uniq_nessos, uniq_snorg
D:15:     gammafunk_depths_entry_grave, basic_altar, serial_shops,
          nicolae_shop_stone, serial_bayou_ford_a, minivault_27,
          nicolae_looking_at_the_future
Orc:2:    st_orc_ogre_mass
Elf:1:    minmay_elf_arrival_summoners, mu_enter_wizlab_4, minivault_28,
          hangedman_decor_cross_pass
Elf:2:    serial_shops, shop
Elf:3:    minmay_elf_hall_hex, kennysheep_underground_church, minmay_shop_grove
WizLab:   wizlab_demon

Skill      XL: |  1  2  3  4  5  6  7  8  9 10 11 12 13 14 15 16 17 |
---------------+----------------------------------------------------+-----
Long Blades    | 3 4 5 6 7 8 9 10 11 12 14 17 18 | 18.0
Dodging        | 2 3 4 5 6 7 8 9 |  9.0
Invocations    | 1 2 3 4 6 7 8 9 10 | 10.0
Fighting       | 3 4 5 6 7 8 9 10 | 10.0
Shields        | 2 5 8 10 11 13 15 | 15.0
Spellcasting   | 5 |  5.8
Transmutations | 6 |  6.3
Earth Magic    | 6 7 |  7.0
Throwing       | |  1.0
Armour         | |  1.1
Translocations | |  2.6

Action                   |  1- 3 |  4- 6 |  7- 9 | 10-12 | 13-15 | 16-18 || total
-------------------------+-------+-------+-------+-------+-------+-------++-------
Melee: Falchion          |    10 |    12 |    12 |   104 |       |       ||   138
       Dagger            |    89 |   146 |   415 |   403 |       |       ||  1053
       Scimitar          |       |       |       |   212 |   861 |       ||  1073
       Unarmed           |       |       |       |     7 |       |       ||     7
       Long sword        |       |       |       |       |       |   354 ||   354
Invok: Bend Time         |       |       |     4 |       |       |       ||     4
       Slouch            |       |       |       |     2 |       |     4 ||     6
       Temporal Distorti |       |       |       |       |     1 |       ||     1
 Abil: Dig               |     6 |     6 |    16 |    21 |    40 |    15 ||   104
       Shaft Self        |     1 |     2 |     2 |       |       |       ||     5
Evoke: Wand              |       |       |     2 |    18 |     2 |       ||    22
  Use: Potion            |     1 |     1 |     2 |       |       |     1 ||     5
       Scroll            |       |    12 |     4 |     2 |     7 |     2 ||    27
 Stab: Sleeping          |       |       |     5 |     6 |     4 |       ||    15
       Distracted        |       |       |       |     3 |     1 |     1 ||     5
  Eat: Chunk             |       |     3 |     7 |     7 |    11 |     3 ||    31
       Ration            |       |     1 |       |     1 |       |     2 ||     4
Armor: Leather armour    |    24 |     9 |       |       |       |       ||    33
       Scale mail        |       |    39 |    21 |       |       |       ||    60
       Ring mail         |       |       |    34 |     4 |       |    18 ||    56
       Troll leather arm |       |       |       |    59 |    42 |     2 ||   103
       Skin              |       |       |       |       |       |     3 ||     3
Dodge: Dodged            |    52 |    95 |   154 |   201 |   213 |    82 ||   797
Block: Large shield      |       |       |   163 |   648 |   529 |   246 ||  1586
       Rpst.: Falchion   |     3 |     4 |     4 |     9 |       |       ||    20
       Scimitar          |       |       |       |    14 |    54 |       ||    68
       Long sword        |       |       |       |       |       |    11 ||    11

Table legend:
 A = Spawn XP
 B = Non-spawn XP
 C = Spawn XP percentage of total XP
 D = Spawn monster count
 E = Non-spawn monster count
 F = Spawn count percentage of total count
 G = Total turns spent on level
                    A         B        C        D         E        F      G
               +---------+---------+-------+---------+---------+-------+---------
         Total |    4250 |  151481 |   2.7 |       9 |     582 |   1.5 | 14140
               +---------+---------+-------+---------+---------+-------+---------
           D:1 |       0 |      56 |   0.0 |       0 |      26 |   0.0 |   877
           D:2 |       0 |      51 |   0.0 |       0 |      27 |   0.0 |   501
           D:3 |       0 |      58 |   0.0 |       0 |      23 |   0.0 |   599
           D:4 |       0 |     408 |   0.0 |       0 |      19 |   0.0 |   818
           D:5 |       0 |     681 |   0.0 |       0 |      19 |   0.0 |  1463
           D:6 |       0 |     958 |   0.0 |       0 |      28 |   0.0 |   826
           D:7 |       0 |     487 |   0.0 |       0 |      13 |   0.0 |   357
           D:8 |       0 |    4287 |   0.0 |       0 |      35 |   0.0 |  1022
           D:9 |       0 |    3561 |   0.0 |       0 |      27 |   0.0 |   823
          D:10 |       0 |    1523 |   0.0 |       0 |      29 |   0.0 |   492
          D:11 |       0 |    7058 |   0.0 |       0 |      45 |   0.0 |   648
          D:12 |       0 |    2549 |   0.0 |       0 |      20 |   0.0 |   705
          D:13 |       0 |    7055 |   0.0 |       0 |      31 |   0.0 |   527
          D:14 |       0 |   12728 |   0.0 |       0 |      29 |   0.0 |   632
          D:15 |       0 |    2579 |   0.0 |       0 |       6 |   0.0 |    66
         Orc:1 |       0 |    1139 |   0.0 |       0 |      12 |   0.0 |   241
         Orc:2 |       0 |   23263 |   0.0 |       0 |      75 |   0.0 |   672
         Elf:1 |       0 |   30720 |   0.0 |       0 |      50 |   0.0 |  1048
         Elf:2 |       0 |   17947 |   0.0 |       0 |      31 |   0.0 |   539
         Elf:3 |       0 |   31817 |   0.0 |       0 |      28 |   0.0 |  1015
       Abyss:2 |    4250 |    2556 |  62.4 |       9 |       9 |  50.0 |   261
               +---------+---------+-------+---------+---------+-------+---------
